 Dungeon Crawl Stone Soup version 0.31.0-9-g3a7656b989 (webtiles) character file.

Game seed: 13286732224704115814

1461 Killerpretzel the Sneak (level 8, -6/36 HPs)
             Began as a Felid Air Elementalist on Feb 1, 2024.
             Mangled by a black bear (8 damage)
             ... on level 6 of the Dungeon.
             The game lasted 00:20:32 (7109 turns).

Killerpretzel the Sneak (Felid Air Elementalist)    Turns: 7109, Time: 00:20:33

Health: -6/36      AC:  2    Str:  4    XL:     8   Next: 48%
Magic:  1/15       EV: 22    Int: 20    God:
Gold:   379        SH:  0    Dex: 24    Spells: 6/15 levels left
                                        Lives:  0   Deaths: 3

rFire   . . .        (weapon unavailable)
rCold   . . .        (shield unavailable)
rNeg    . . .        (body armour unavailable)
rPois   .            (helmet unavailable)
rElec   .            (cloak unavailable)
rCorr   +            (gloves unavailable)
SInv    +            (boots unavailable)
Will    +....        (no amulet)
Stlth   ++++         e - ring of resist corrosion
HPRegen 0.26/turn    g - +6 ring of dexterity
MPRegen 0.14/turn

%: no passive effects
@: no status effects
A: very small, claws 1, fangs 3, see invisible, shaggy fur 2, stealthy paws, no
weapons or thrown items, no armour, multi-lived
a: no special abilities


You were on level 6 of the Dungeon.
You visited 1 branch of the dungeon, and saw 6 of its levels.

You collected 379 gold pieces.

Inventory:

Jewellery
 e - a ring of resist corrosion (left paw)
 g - a +6 ring of dexterity (right paw)
Wands
 a - a wand of paralysis (8)
 m - a wand of iceblast (10)
Scrolls
 c - 3 scrolls of amnesia
 f - a scroll of enchant armour {unknown}
 h - 2 scrolls of noise
 j - 2 scrolls of identify
 l - a scroll of teleportation
Potions
 i - a potion of enlightenment
 k - 4 potions of curing
 n - a potion of brilliance
 o - a potion of might {unknown}
 p - a potion of mutation {unknown}


   Skills:
 + Level 5.9 Dodging
 + Level 6.4 Stealth
 + Level 4.1 Spellcasting
 + Level 3.6 Conjurations
 + Level 5.1 Translocations
 * Level 5.7 Air Magic


You had 6 spell levels left.
You knew the following spells:

 Your Spells              Type           Power      Damage    Failure   Level
a - Shock                 Conj/Air       88%        1d8       1%          1
b - Static Discharge      Conj/Air       44%        3-5/arc   2%          2
c - Airstrike             Air            13%        2d(2-18)  12%         4
d - Blink                 Tloc           48%        N/A       2%          2

Your spell library contained the following spells:

 Spells                   Type           Power      Damage    Failure   Level
 Lesser Beckoning         Tloc           48%        N/A       2%          2
 Momentum Strike          Conj/Tloc      42%        3d9       3%          2
 Swiftness                Air            27%        N/A       3%          3
 Ensorcelled Hibernation  Hex/Ice        8%         N/A       19%         2
 Hailstorm                Conj/Ice       11%        3d6       19%         3
 Passwall                 Erth           4%         N/A       36%         3
 Summon Ice Beast         Ice/Summ       4%         N/A       36%         3
 Sculpt Simulacrum        Ice/Alch       2%         N/A       100%        6
 Malign Gateway           Summ/Tloc      7%         N/A       100%        7
 Summon Horrible Things   Summ           2%         N/A       100%        8


Dungeon Overview and Level Annotations

Branches:
Dungeon (6/15)
 Temple: D:4-7

Altars:
Cheibriados
Gozag
Hepliaklqana
Makhleb

Shops:
D:3 [

Annotations:
D:3 3 runed translucent doors, exclusion: 3 doors, Peloso's ghost, amateur MiFi


Innate Abilities, Weirdness & Mutations

You have sharp claws.
You have razor-sharp teeth.
You have supernaturally acute eyesight. (SInv)
You are covered in thick fur. (AC +2)
Your paws help you pounce on unaware monsters.
You are incapable of wielding weapons or throwing items.
You cannot wear armour.
You gain extra lives every three experience levels.


Message History

The black bear barely misses you.
A black bear is nearby!
Casting: Shock (safe; 1% risk of failure)
Confirm with . or Enter, or press ? or * to list all spells.
Aiming: Shock (safe; 1% risk of failure)
Press: ? - help, Shift-Dir - straight line, f/p - black bear
Aim: a black bear (severely wounded, 81% to hit)
The zap misses the black bear.
The black bear misses you. The black bear closely misses you.
The black bear claws you.
Your magical contamination has completely faded away.
You scratch the black bear.
The black bear is severely wounded.
The black bear goes berserk!
A black bear is nearby!
You scratch the black bear but do no damage.
The black bear is severely wounded.
The black bear bites you! The black bear completely misses you.
The black bear barely misses you.
A black bear is nearby!
You are too injured to fight recklessly!
A black bear is nearby!
You are too injured to fight recklessly!
A black bear is nearby!
You are too injured to fight recklessly!
A black bear is nearby!
You scratch the black bear.
The black bear is severely wounded.
The black bear closely misses you. The black bear barely misses you.
The black bear misses you. The black bear closely misses you.
The black bear completely misses you. x2
You scratch the black bear but do no damage.
The black bear is severely wounded.
The black bear bites you. The black bear claws you.
* * * LOW HITPOINT WARNING * * *
The black bear claws you.
* * * LOW HITPOINT WARNING * * *
You scratch the black bear.
The black bear is almost dead.
The black bear bites you!
You die...

#.#
+........
..........
#.#
#......###
##.......#
#.##
#........#
..........
#.<#
#.....†#.#
#........>.
####
#.....<#.#
#....######
####.#.#.#
####
#...#.#
#####h# #@#
#.# #†# #.#
#.# #.# #.#
#.#
##########
#.#
#.........


You could see a black bear (berserk).

Vanquished Creatures
  Eustachio (D:6)
  Menkaure (D:6)
  Edmund (D:6)
  A black bear (D:6)
  2 phantoms
  A kobold brigand (D:6)
  4 bullfrogs
  A hound (D:6)
  3 orc priests
  A sleepcap (D:4)
  5 iguanas
  2 orc wizards (D:6)
  6 gnolls
  6 adders
  A dart slug (D:1)
  2 ribbon worms
  11 orcs
  8 ball pythons
  A bat (D:2)
  7 endoplasms
  2 giant cockroaches
  4 goblins
  7 hobgoblins
  8 kobolds
  5 quokkas
  6 frilled lizards
97 creatures vanquished.

Notes
Turn   | Place    | Note
-------+----------+-------------------------------------------
     0 | D:1      | Killerpretzel the Felid Air Elementalist began the quest
                  | for the Orb.
     0 | D:1      | Reached XP level 1. HP: 9/9 MP: 4/4
    41 | D:1      | Reached skill level 1 in Conjurations
   197 | D:1      | Reached XP level 2. HP: 13/13 MP: 0/6
   351 | D:1      | Learned a level 2 spell: Static Discharge
   435 | D:1      | Reached skill level 3 in Stealth
   872 | D:1      | Found a faded altar of an unknown god.
  1329 | D:2      | Reached XP level 3. HP: 16/16 MP: 4/7
  1706 | D:2      | Learned a level 2 spell: Blink
  1874 | D:3      | Found a runed translucent gate.
  1874 | D:3      | Found a runed translucent gate.
  1874 | D:3      | Found a runed translucent gate.
  1983 | D:3      | Noticed Peloso's ghost (amateur MiFi)
  2152 | D:3      | Killed from afar by themself
  2152 | D:3      | Lost a life (0 lives remaining)
  2223 | D:3      | Found Ynisath's Armour Shop.
  2715 | D:4      | Reached XP level 4. HP: 15/21 MP: 0/8
  2715 | D:4      | Gained a life (1 life remaining)
  2716 | D:4      | Reached skill level 1 in Translocations
  2997 | D:4      | Reached XP level 5. HP: 8/24 MP: 6/9
  3217 | D:4      | Noticed a phantom
  3433 | D:4      | Reached skill level 4 in Stealth
  3447 | D:4      | Found a hazy altar of Hepliaklqana.
  3509 | D:4      | Found an opulent altar of Gozag.
  3585 | D:4      | Killed from afar by themself
  3585 | D:4      | Lost a life (0 lives remaining)
  3800 | D:4      | Gained mutation: You are covered in thick fur. (AC +2)
                  | [Felid growth]
  3800 | D:4      | Reached XP level 6. HP: 28/28 MP: 9/11
  4214 | D:5      | Entered Level 5 of the Dungeon
  4315 | D:5      | Learned a level 4 spell: Airstrike
  4561 | D:5      | Found a burning altar of Makhleb.
  4577 | D:5      | Found a snail-covered altar of Cheibriados.
  5643 | D:4      | Reached XP level 7. HP: 25/32 MP: 0/12
  5643 | D:4      | Gained a life (1 life remaining)
  5911 | D:6      | Reached skill level 5 in Stealth
  6243 | D:6      | Reached skill level 5 in Dodging
  6265 | D:6      | Reached skill level 5 in Air Magic
  6638 | D:6      | Noticed Edmund
  6653 | D:6      | Killed Edmund
  6654 | D:6      | Reached XP level 8. HP: 24/36 MP: 0/14
  6698 | D:6      | HP: 1/36 [black bear (6)]
  6698 | D:6      | Slain by a black bear
  6698 | D:6      | Lost a life (0 lives remaining)
  6722 | D:6      | Noticed Eustachio
  6728 | D:6      | Killed Eustachio
  6729 | D:6      | Reached skill level 6 in Stealth
  6892 | D:6      | Noticed Menkaure
  6911 | D:6      | Killed Menkaure
  6912 | D:6      | Reached skill level 5 in Translocations
  7109 | D:6      | Mangled by a black bear

Illustrated notes

Levels and vault maps discovered:
D:1:      lightli_arrival_statuegarden, layout_loops_ring,
          ebering_ecumenical_altar_hall, nrook_mini_vaults
D:2:      layout_rooms
D:3:      layout_rooms, serial_shops, nicolae_diamond_shop, gammafunk_ghost_icy,
          minmay_pentangle
D:4:      layout_basic, jmf_multi_god_temple2, nicolae_eternal_life
D:5:      layout_basic, mainiacjoe_overflow_six_doors_small, bloody_makhleb,
          minivault_4, minmay_holes
D:6:      layout_basic, dk_yredelemnul_ordeal, minmay_temple_entry_offerings,
          uniq_eustachio, uniq_menkaure, uniq_edmund

Skill      XL: |  1  2  3  4  5  6  7  8 |
---------------+-------------------------+-----
Conjurations   | 1 2 3 |  3.6
Stealth        | 3 4 5 6 |  6.4
Air Magic      | 3 4 5 |  5.7
Dodging        | 3 4 5 |  5.9
Translocations | 1 2 3 4 5 |  5.1
Spellcasting   | 3 4 |  4.1

Action                     |  1- 3 |  4- 6 |  7- 9 || total
---------------------------+-------+-------+-------++-------
  Melee: Unarmed           |    26 |     9 |    29 ||    64
         Bite              |     2 |     1 |     5 ||     8
         Punch             |       |       |     1 ||     1
   Cast: Shock             |    82 |    49 |    40 ||   171
         Static Discharge  |    12 |    31 |    35 ||    78
         Airstrike         |       |     4 |    10 ||    14
         Blink             |       |     1 |       ||     1
  Evoke: Wand              |       |       |     2 ||     2
    Use: Potion            |     1 |     2 |     5 ||     8
         Scroll            |       |    10 |       ||    10
 Armour: Skin              |    29 |    39 |    67 ||   135
  Dodge: Dodged            |    44 |    25 |    87 ||   156
